 Dungeon Crawl Stone Soup version 0.29-a0-1023-g6ae1a4a2c7 (webtiles) character file.

Game seed: 8915903907571889923

34 BritishOli the Ducker (level 3, 28/28 HPs)
             Began as a Demonspawn Gladiator on Aug 11, 2022.
             Got out of the dungeon alive.
             The game lasted 00:01:11 (1458 turns).

BritishOli the Ducker (Demonspawn Gladiator)        Turns: 1458, Time: 00:01:12

Health: 28/28      AC:  4    Str: 16    XL:     3   Next: 14%
Magic:  3/3        EV: 12    Int:  9    God:
Gold:   57         SH:  0    Dex: 14    Spells: 2/2 levels left

rFire   . . .      SeeInvis .   a - +0 long sword
rCold   . . .      Faith    .   (no shield)
rNeg    . . .      Spirit   .   b - +0 leather armour
rPois   .          Reflect  .   c - +0 helmet
rElec   .          Harm     .   (no cloak)
rCorr   .          Rampage  .   (no gloves)
Will    .....                   (no boots)
Stlth   +.........              (no amulet)
HPRegen 0.09/turn               (no ring)
MPRegen 0.08/turn               (no ring)

@: no status effects
A: spiny 1, demonic touch 1
a: no special abilities


You escaped.
You visited 1 branch of the dungeon, and saw 2 of its levels.

You collected 57 gold pieces.

Inventory:

Hand Weapons
 a - a +0 long sword (weapon)
Missiles
 d - 3 throwing nets (quivered)
 e - a javelin
Armour
 b - a +0 leather armour (worn)
 c - a +0 helmet (worn)
Scrolls
 f - 4 scrolls of identify {unknown}
 i - 2 scrolls of fear {unknown}
 j - a scroll of magic mapping {unknown}
 l - a scroll of poison {unknown}
 m - 2 scrolls of enchant weapon {unknown}
 n - 2 scrolls of teleportation {unknown}
Potions
 g - a potion of haste {unknown}
 h - 2 potions of resistance {unknown}
 k - 2 potions of heal wounds {unknown}
 o - 2 potions of curing {unknown}


   Skills:
 + Level 2.4 Fighting
 + Level 3.0 Long Blades
 + Level 2.2 Throwing
 + Level 3.0 Dodging


You had 2 spell levels left.
You didn't know any spells.
Your spell library was empty.

Dungeon Overview and Level Annotations

Branches:
Dungeon (2/15)

Altars:

Shops:
D:1 (**!


Innate Abilities, Weirdness & Mutations

You are partially covered in sharp spines.
Your touch may inflict minor irresistible damage on your foes.


Message History

Found a stone staircase leading down.
Found a stone staircase leading up.
No target in view!
A worm comes into view.
Found a scroll labelled MAODUI ROYBB.
A worm is nearby!
The worm misses you.
A worm is nearby!
You hit the worm. Your punch misses the worm.
The worm is moderately wounded.
A worm is nearby!
You hit the worm.
The worm is heavily wounded.
The worm is struck by your spines. The worm bites you.
A worm is nearby!
You slash the worm!
You kill the worm!
m - 2 scrolls labelled MAODUI ROYBB (gained 1)
You now have 57 gold pieces (gained 15).
Found a leather armour.
No target in view!
No target in view!
(D) Dungeon
Where to? (Enter - D:2, ? - help)
There is a stone staircase leading up here.
You climb upwards.
There is a stone staircase leading down here.
(D) Dungeon
Where to? (Enter - D:1, ? - help)
Okay, then.
(D) Dungeon
Where to? (Enter - D:1, ? - help)
Okay, then.
Things that are here:
5 stones; a +0 dagger You open the door.
There is an open door here.
There is a staircase leading out of the dungeon here.
Are you sure you want to leave the Dungeon?
This will make you lose the game!
You have escaped!

#.# #.#.##...##.#.##.# #.#
##.#.#.##.8#.#.##.# #.#
#8.#.#.#8.##.#.8#.# #.#
##.#.#.##....#.##.#### ..#
#.#.##..###8#.#.....# ###
#.##.##...###.#.###.#
##.##.####...##.# #.#
##.##...##8##..# #.#
##.###.@###...# #.#
##..#####..#.# #.# ##....#
#..### #.####
###########.....###..#
#.##.#
#................###.##
#.##.# #.##############.#
#..####.##.# #.#
#.....#####'###.....#.†..#
#.#
#.###.#.♣.....##..#.####.#
#.####.# #.♣.∩.♣...##..#.#
#.#


There were no monsters in sight!

Vanquished Creatures
  A worm (D:2)
  A dart slug (D:2)
  3 bats (D:1)
  An endoplasm (D:1)
  A giant cockroach (D:1)
  3 goblins
  2 hobgoblins (D:1)
  3 jackals (D:1)
  3 quokkas
  2 ball pythons
  A frilled lizard (D:1)
  2 kobolds (D:1)
  3 rats (D:1)
26 creatures vanquished.

Notes
Turn   | Place    | Note
-------+----------+-------------------------------------------
     0 | D:1      | BritishOli the Demonspawn Gladiator began the quest for the
                  | Orb.
     0 | D:1      | Reached XP level 1. HP: 16/16 MP: 1/1
    86 | D:1      | Found Cynen's General Store.
   226 | D:1      | Found Ygum's Antique Weapon Boutique.
   306 | D:1      | Gained mutation: You are partially covered in sharp spines.
                  | [demonic ancestry]
   306 | D:1      | Reached XP level 2. HP: 5/22 MP: 2/2
   600 | D:1      | Found Dumeacas's Distillery.
   733 | D:1      | Found Astrunyts's General Store.
  1059 | D:2      | Found a faded altar of an unknown god.
  1235 | D:2      | Gained mutation: Your touch may inflict minor irresistible
                  | damage on your foes. [demonic ancestry]
  1235 | D:2      | Reached XP level 3. HP: 27/28 MP: 3/3
  1458 | D:$      | Got out of the dungeon alive.

Illustrated notes

Levels and vault maps discovered:
D:1:      nagdon_arrival_double_spiral, layout_basic, serial_shops,
          nicolae_shop_statue_plus, nicolae_shop_hallway_stairs,
          nicolae_shop_trees, nicolae_shop_trees
D:2:      layout_basic, ebering_ecumenical_altar_petrified, minmay_mini_jars

Skill      XL: |  1  2 |
---------------+-------+-----
Throwing       | 2 |  2.2
Dodging        | 3 |  3.0
Long Blades    | 3 |  3.0
Fighting       | |  2.4

Action                   || total
-------------------------++-------
Melee: Long sword        ||    60
Armor: Leather armour    ||    37
Dodge: Dodged            ||    43

Table legend: (Time is in decaauts)
 A = Elapsed time spent in this place.
 B = Non-inter-level travel time spent in this place.
 C = Inter-level travel time spent in this place.
 D = Time resting spent in this place.
 E = Time spent auto-exploring this place.
 F = Levels seen in this place.
 G = Mean time per level.
                   A        B        C        D        E       F      G
               +--------+--------+--------+--------+--------+-----+--------+
         Total |   1473 |   1318 |    155 |    281 |    855 |   2 |  736.5 |
       Dungeon |   1473 |   1318 |    155 |    281 |    855 |   2 |  736.5 |
               +--------+--------+--------+--------+--------+-----+--------+

Top non-repeatable levels by time:
     D:1: 1197 daAuts
     D:2: 276 daAuts
